 Dungeon Crawl Stone Soup version 0.29.1-12-g30fa7ad0bf (webtiles) character file.

Game seed: 9100088225147600948

11352 croobank the Destroyer (level 11, -1/84 HPs)
             Began as a Demonspawn Conjurer on Jan 1, 2023.
             Was an Initiate of Gozag.
             Slain by a boulder beetle (26 damage)
             ... on level 11 of the Dungeon.
             The game lasted 00:49:42 (15431 turns).

croobank the Destroyer (Demonspawn Conjurer)       Turns: 15431, Time: 00:49:42

Health: -1/84      AC:  6    Str: 14    XL:     11   Next: 48%
Magic:  11/21      EV: 14    Int: 23    God:    Gozag
Gold:   1675       SH:  0    Dex: 12    Spells: 13/23 levels left

rFire   . . .      SeeInvis .   n - +5 spear (flame)
rCold   . . .      Faith    .   (no shield)
rNeg    . . .      Spirit   .   a - +0 robe
rPois   .          Reflect  .   (helmet restricted)
rElec   .          Harm     .   s - +2 cloak {rCorr}
rCorr   +          Rampage  .   e - +0 pair of gloves
Will    .....                   (no boots)
Stlth   +++.......              c - amulet of regeneration
HPRegen 1.04/turn               g - +6 ring of strength
MPRegen 0.17/turn               G - +4 ring of slaying

@: mighty, gold aura
A: antennae 2, claws 1, hooves 2, ignite blood 2, powered by death 1
a: Renounce Religion, Potion Petition, Call Merchant, Bribe Branch


You were on level 11 of the Dungeon.
You worshipped Gozag.
Gozag was most pleased with you.
You visited 2 branches of the dungeon, and saw 12 of its levels.
You also visited: Ossuary.

You collected 2346 gold pieces.
You paid 671 gold pieces to Gozag.

Inventory:

Hand Weapons
 b - a +0 sling
 k - a +4 dagger of venom
 n - a +5 spear of flaming (weapon)
 t - a +3 quarterstaff of chaos
 K - a +2 war axe of freezing
Missiles
 N - 3 datura-tipped darts
Armour
 a - a +0 robe (worn)
 e - a +0 pair of gloves (worn)
 s - a +2 cloak of preservation (worn)
Magical Staves
 x - a staff of poison
Jewellery
 c - an amulet of regeneration (around neck)
 f - a ring of ice
 g - a +6 ring of strength (left hand)
 F - the amulet of Elemental Vulnerability {rPois rF-- rC-- AC+8}
   (You took it off a kobold on level 8 of the Dungeon)

   [amulet of nothing]

   AC:        It affects your AC (+8).
   rF:        It makes you very vulnerable to fire.
   rC:        It makes you very vulnerable to cold.
   rPois:     It protects you from poison.
 G - a +4 ring of slaying (right hand)
 J - a ring of resist corrosion
 L - a ring of positive energy
Wands
 r - a wand of flame (29)
 w - a wand of roots (19)
 C - a wand of polymorph (11)
 D - a wand of paralysis (17)
 M - a wand of mindburst (3)
Scrolls
 d - 2 scrolls of teleportation
 j - 3 scrolls of fear
 v - 4 scrolls of butterflies
 y - 2 scrolls of blinking
 A - 4 scrolls of immolation
 E - a scroll of enchant armour {unknown}
 H - a scroll of amnesia
 I - a scroll of noise {unknown}
 P - a scroll of magic mapping
 Q - a scroll of identify
Potions
 h - 2 potions of invisibility
 i - 2 potions of lignification
 l - 3 potions of might
 m - 5 potions of brilliance {unknown}
 o - a potion of experience {unknown}
 p - 2 potions of haste {unknown}
 q - 2 potions of flight {unknown}
 u - 4 potions of curing
 z - a potion of mutation {unknown}
 B - a potion of berserk rage {unknown}
 O - a potion of magic


   Skills:
 + Level 7.0 Fighting
 + Level 6.5 Dodging
 + Level 7.0 Stealth
 + Level 6.6 Spellcasting
 + Level 8.0 Conjurations
 - Level 5.0 Hexes
 * Level 7.7 Translocations


You had 13 spell levels left.
You knew the following spells:

 Your Spells              Type           Power      Damage    Failure   Level
a - Magic Dart            Conj           100%       1d8       1%          1
b - Searing Ray           Conj           88%        2d7       1%          2
c - Dazzling Flash        Conj/Hex       74%        N/A       1%          3
d - Iskenderun's Mystic   Conj/Tloc      44%        2d10      3%          4

Your spell library contained the following spells:

 Spells                   Type           Power      Damage    Failure   Level
 Shock                    Conj/Air       100%       1d9       1%          1
 Blink                    Tloc           86%        N/A       1%          2
 Gell's Gravitas          Tloc           43%        N/A       1%          3
 Teleport Other           Tloc           43%        N/A       1%          3
 Ensorcelled Hibernation  Hex/Ice        38%        N/A       4%          2
 Fulminant Prism          Conj/Hex       18%        3d11      5%          4
 Manifold Assault         Tloc           43%        N/A       10%         5
 Frozen Ramparts          Ice            14%        1d3       24%         3
 Spider Form              Tmut/Pois      7%         N/A       24%         3
 Swiftness                Air            7%         N/A       24%         3
 Anguish                  Hex/Necr       9%         N/A       28%         4
 Dispersal                Tloc           21%        N/A       45%         6
 Airstrike                Air            3%         2d(1-17)  61%         4
 Dispel Undead            Necr           7%         3d8       61%         4
 Ice Form                 Ice/Tmut       7%         N/A       61%         4
 Summon Ice Beast         Ice/Summ       7%         N/A       61%         4
 Death Channel            Necr           3%         N/A       100%        6
 Storm Form               Tmut/Air       3%         N/A       100%        7
 Corpse Rot               Necr/Pois/Air  Unusable   N/A       N/A         4

Dungeon Overview and Level Annotations

Branches:
Dungeon (11/15)            Temple (1/1) D:6             Orc (0/2) D:9
Ossuary (visited)
   Lair: D:8-11

Altars:
Ashenzari
Cheibriados
Fedhas
Gozag
Hepliaklqana
Nemelex Xobeh
Okawaru
Qazlal
Sif Muna
Uskayaw
Vehumet
Wu Jian
Xom
Yredelemnul

Annotations:
D:4 Grinder


Innate Abilities, Weirdness & Mutations

You have a pair of antennae on your head.
You have sharp fingernails.
You have hoof-like feet.
Your demonic aura often causes spilled blood to erupt in flames.
You regenerate a little health from kills.


Message History

The roots release their grip on the boulder beetle.
The roots release their grip on the bush. x2
There is an open door here.
You hit the boulder beetle. You burn the boulder beetle.
You kick the boulder beetle!
The boulder beetle is moderately wounded.
The grasping roots constrict the bush!
The grasping roots constrict the bush.
The roots release their grip on the bush. x2
The boulder beetle barely misses you.
The boulder beetle stops rolling and uncurls.
The boulder beetle bites you.
You hit the boulder beetle but do no damage.
You kick the boulder beetle, but do no damage.
The boulder beetle is lightly wounded.
The boulder beetle bites you.
You hit the boulder beetle but do no damage.
You kick the boulder beetle, but do no damage.
You punch the boulder beetle!
The boulder beetle is moderately wounded.
The boulder beetle barely misses you.
Aiming: Fastroot
Press: ? - help, Shift-Dir - straight line, f/p - boulder beetle
Aim: a boulder beetle (moderately wounded)
The roots erupt in riotous growth!
Roots grab the boulder beetle.
Roots grab the bush. x2
The grasping roots constrict the boulder beetle, but do no damage.
The grasping roots constrict the bush. x2
You hear a shout!
The boulder beetle bites you!
* * * LOW HITPOINT WARNING * * *
You puncture the boulder beetle! You burn the boulder beetle.
You kick the boulder beetle, but do no damage.
The boulder beetle is heavily wounded.
The grasping roots constrict the boulder beetle, but do no damage.
The grasping roots constrict the bush.
The grasping roots constrict the bush!
The roots release their grip on the boulder beetle.
The roots release their grip on the bush. x2
The boulder beetle bites you!!
You die...
Your body crumbles into a pile of gold. ###### #....# #$...# #....# ♣#@##+# ♣♣ ♣PBP#

♣P♣ ♣...#
♣P♣♣P.P###
♣♣.P...P.♣♣
♣PP.....PP#
♣P.......P#
♣.P..⌠..P.#
♣P.......P#


You could see a boulder beetle.

Vanquished Creatures
  Josephine (D:10)
  A two-headed ogre (D:7)
  A cyclops (D:9)
  Maggie (D:6)
  A troll (D:10)
  2 hornets
  Sigmund (D:4)
  5 wraiths (D:10)
  A wyvern (D:9)
  23 yaks
  A shadow (D:8)
  A steam dragon (D:6)
  An acid dragon (D:11)
  A water moccasin (D:9)
  A swamp drake (D:9)
  6 orc warriors
  2 sky beasts
  2 black bears (D:6)
  An ogre (D:4)
  5 phantoms
  A kobold brigand (D:8)
  2 necrophages (D:6)
  4 scorpions
  2 bullfrogs
  2 gnoll sergeants
  3 wights
  10 killer bees
  2 howler monkeys (D:8)
  A centaur zombie (Ossuary)
  3 hounds
  Crazy Yiuf (D:6)
  3 jellies
  2 human zombies (Ossuary)
  7 orc priests
  3 iguanas
  11 orc wizards
  2 hound zombies (Ossuary)
  3 mummies (Ossuary)
  12 gnolls
  10 adders
  A white imp (D:7)
  An ufetubus (D:4)
  8 adder zombies (Ossuary)
  A worm (D:3)
  2 dart slugs
  42 orcs
  7 ball pythons
  6 bats
  4 endoplasms
  4 giant cockroaches
  4 gnoll zombies (Ossuary)
  6 goblins
  5 hobgoblins
  4 jackals
  2 quokkas
  4 frilled lizards
  4 goblin zombies (Ossuary)
  4 hobgoblin zombies (Ossuary)
  A jackal zombie (Ossuary)
  14 kobolds
  3 kobold zombies (Ossuary)
  2 orc zombies (Ossuary)
  4 quokka zombies (Ossuary)
  5 rats
  2 rat zombies (Ossuary)
282 creatures vanquished.

Vanquished Creatures (others)
  2 plants (D:11)
2 creatures vanquished.

Grand Total: 284 creatures vanquished

Notes
Turn   | Place    | Note
-------+----------+-------------------------------------------
     0 | D:1      | croobank the Demonspawn Conjurer began the quest for the
                  | Orb.
     0 | D:1      | Reached XP level 1. HP: 13/13 MP: 3/3
   286 | D:1      | Discovered your monstrous ancestry.
   286 | D:1      | Gained mutation: You have large cloven feet. [demonic
                  | ancestry]
   286 | D:1      | Reached XP level 2. HP: 19/19 MP: 3/5
   615 | D:1      | Learned a level 2 spell: Searing Ray
  1161 | D:2      | Gained mutation: You have a pair of small antennae on your
                  | head. [demonic ancestry]
  1161 | D:2      | Reached XP level 3. HP: 24/24 MP: 2/6
  1165 | D:2      | Learned a level 3 spell: Dazzling Flash
  2472 | D:2      | Found a faded altar of an unknown god.
  2539 | D:2      | Gained mutation: You have a pair of antennae on your head.
                  | [demonic ancestry]
  2539 | D:2      | Reached XP level 4. HP: 26/30 MP: 2/8
  4148 | D:4      | Reached skill level 1 in Fighting
  4150 | D:4      | Gained mutation: Your demonic aura sometimes causes spilled
                  | blood to erupt in flames. [demonic ancestry]
  4150 | D:4      | Reached XP level 5. HP: 36/37 MP: 1/9
  4313 | D:4      | Found a hide-covered altar of Uskayaw.
  4501 | D:4      | Noticed an ogre
  4505 | D:4      | Reached skill level 1 in Hexes
  4640 | D:4      | Killed an ogre
  4641 | D:4      | Gained mutation: Your demonic aura often causes spilled
                  | blood to erupt in flames. [demonic ancestry]
  4641 | D:4      | Reached XP level 6. HP: 44/44 MP: 1/10
  4816 | D:4      | Noticed Sigmund
  4822 | D:4      | Killed Sigmund
  4823 | D:4      | Reached skill level 5 in Conjurations
  4911 | D:4      | Noticed Grinder
  4923 | D:4      | Paralysed by Grinder for 5 turns
  5248 | D:5      | Entered Level 5 of the Dungeon
  5274 | D:5      | Gained mutation: You have hoof-like feet. [demonic
                  | ancestry]
  5274 | D:5      | Reached XP level 7. HP: 23/51 MP: 0/12
  5878 | D:5      | Found an opulent altar of Gozag.
  5883 | D:5      | Became a worshipper of Gozag Ym Sagoz the Greedy
  6048 | D:5      | Found a radiant altar of Vehumet.
  6544 | D:5      | Learned a level 4 spell: Iskenderun's Mystic Blast
  6674 | D:5      | Reached skill level 1 in Translocations
  6846 | D:6      | Gained mutation: You have sharp fingernails. [demonic
                  | ancestry]
  6846 | D:6      | Reached XP level 8. HP: 55/60 MP: 3/13
  7597 | D:6      | Found a staircase to the Ecumenical Temple.
  7616 | Temple   | Entered the Ecumenical Temple
  7646 | D:6      | Found a basalt altar of Yredelemnul.
  7877 | D:6      | Noticed Maggie
  7888 | D:6      | Killed Maggie
  7986 | D:6      | Reached skill level 6 in Conjurations
  8237 | D:6      | Gained mutation: You regenerate a little health from kills.
                  | [demonic ancestry]
  8237 | D:6      | Reached XP level 9. HP: 62/66 MP: 6/15
  8467 | D:6      | Found a runed translucent door.
  8468 | D:6      | Noticed Crazy Yiuf
  8481 | D:6      | Killed Crazy Yiuf
  8804 | D:7      | Found a snail-covered altar of Cheibriados.
  8838 | D:7      | Found a shimmering blue altar of Sif Muna.
  8915 | D:7      | Reached skill level 5 in Stealth
  9001 | D:7      | Paralysed by a hornet for 1 turns
  9008 | D:7      | Reached skill level 5 in Fighting
  9080 | D:7      | Found a sand-covered staircase.
  9084 | Ossuary  | Entered an ossuary
  9119 | Ossuary  | Reached skill level 5 in Spellcasting
  9641 | D:7      | Reached skill level 5 in Dodging
  9941 | D:7      | Found an ornate altar of the Wu Jian Council.
  9941 | D:7      | Found a hazy altar of Hepliaklqana.
  9964 | D:8      | Noticed a two-headed ogre
  9974 | D:7      | Killed a two-headed ogre
  9975 | D:7      | Reached skill level 5 in Translocations
  9984 | D:7      | Reached XP level 10. HP: 26/74 MP: 9/17
 11637 | D:8      | Reached skill level 7 in Conjurations
 11637 | D:8      | Reached skill level 5 in Hexes
 12125 | D:9      | Paralysed by a hornet for 3 turns
 13156 | D:9      | Noticed a cyclops
 13261 | D:9      | Killed a cyclops
 13843 | D:9      | Found a staircase to the Orcish Mines.
 14077 | D:10     | Entered Level 10 of the Dungeon
 14216 | D:10     | Reached XP level 11. HP: 66/83 MP: 20/20
 14242 | D:10     | Noticed Josephine
 14248 | D:10     | Killed Josephine
 14482 | D:10     | Noticed a purple ugly thing
 14482 | D:10     | Noticed an ogre mage
 14686 | D:10     | Found a blossoming altar of Fedhas.
 14690 | D:10     | Found a stormy altar of Qazlal.
 15322 | D:11     | Reached skill level 8 in Conjurations
 15412 | D:11     | Noticed a boulder beetle
 15431 | D:11     | Slain by a boulder beetle

Illustrated notes

Levels and vault maps discovered:
D:1:      scummos_arrival_simple_fountains, layout_rooms, minmay_misc_feat_rows,
          minmay_misc_feat_more_columns, minmay_split_cup_large
D:2:      layout_basic, hellmonk_ecumenical_altar_prayer_group
D:3:      layout_loops_corners, grunt_ministairs_3
D:4:      layout_cave_pods, kennysheep_little_box, tso_metal_star,
          chequers_serial_rivers_room_a, uniq_sigmund, uniq_grinder
D:5:      layout_gridville, grunt_temple_overflow_gold_and_silver,
          mainiacjoe_overflow_paths
D:6:      kennysheep_six_static_rooms, layout_basic,
          mainiacjoe_overflow_small_starburst, minmay_temple_entry_slanted,
          hangedman_glass_teeth, hex_medium, uniq_maggie,
          uniq_crazy_yiuf_cottage
D:7:      layout_rooms, mainiacjoe_overflow_alcove_2,
          mainiacjoe_overflow_cross_hatched, nicolae_overflow_hidden_temple,
          enter_ossuary_5
D:8:      layout_layer_cave, minmay_misc_feat_enclosed
D:9:      layout_long_grid, erik_orc_1, kennysheep_just_a_vault
D:10:     layout_basic, grunt_temple_overflow_forces_of_nature,
          amcnicky_mini_rare_corridor_liquid, lightli_corner_chamber,
          uniq_josephine
D:11:     wad_woods_structure_01, layout_basic, lair_entry_dummy, uniq_erica,
          uniq_maurice
Temple:   compressed_dpeg_circular_temple

Skill      XL: |  1  2  3  4  5  6  7  8  9 10 11 |
---------------+----------------------------------+-----
Dodging        | 2 3 4 5 6 |  6.5
Stealth        | 2 3 4 5 6 7 |  7.0
Fighting       | 1 2 3 4 5 6 7 |  7.0
Spellcasting   | 3 4 5 6 |  6.6
Hexes          | 1 2 3 4 5 |  5.0
Conjurations   | 5 6 7 8 |  8.0
Translocations | 1 3 5 6 7 |  7.7

Action                   |  1- 3 |  4- 6 |  7- 9 | 10-12 || total
-------------------------+-------+-------+-------+-------++-------
Melee: Dagger            |     9 |    15 |   256 |    69 ||   349
       Kick              |       |     2 |   107 |    74 ||   183
       Punch             |       |       |     4 |     5 ||     9
       Staff             |       |       |    50 |    52 ||   102
       Spear             |       |       |       |    82 ||    82
 Cast: Magic Dart        |    49 |    35 |    30 |    42 ||   156
       Searing Ray       |    10 |    24 |    35 |    43 ||   112
       Dazzling Flash    |       |     4 |     9 |    18 ||    31
       Iskenderun's Myst |       |       |     1 |    28 ||    29
Invok: Potion Petition   |       |       |     1 |     1 ||     2
Evoke: Wand              |       |       |     4 |     6 ||    10
  Use: Potion            |     1 |     1 |     4 |     2 ||     8
       Scroll            |       |     8 |    10 |     2 ||    20
 Stab: Sleeping          |     1 |     4 |     8 |     1 ||    14
       Distracted        |       |       |     2 |     1 ||     3
       Invisible         |       |       |     1 |     2 ||     3
       Confused          |       |       |       |     2 ||     2
Armor: Robe              |     3 |     8 |   112 |    55 ||   178
Dodge: Dodged            |    14 |    33 |   288 |   194 ||   529
